 Dungeon Crawl Stone Soup version 0.27-a0-1431-gcffa5a9b16 (webtiles) character file.

Game seed: 2580979506272362879

1775 juan097 the Destroyer (level 9, 0/41 HPs)
             Began as a Vine Stalker Conjurer on July 3, 2021.
             Was a Priest of Makhleb.
             Slain by Harold (8 damage)
             ... on level 8 of the Dungeon.
             The game lasted 00:26:02 (8460 turns).

juan097 the Destroyer (Vine Stalker Conjurer)       Turns: 8460, Time: 00:26:03

Health: 0/41       AC:  5    Str: 10    XL:     9   Next: 7%
Magic:  0/19       EV: 11    Int: 27    God:    Makhleb [***...]
Gold:   707        SH:  0    Dex: 13    Spells: 5/20 levels left

rFire    . . .     SeeInvis +   b - +1 short sword (venom)
rCold    . . .     Faith    .   (no shield)
rNeg     . . .     Spirit   +   f - +0 leather armour
rPois    .         Reflect  .   (no helmet)
rElec    .         Harm     .   L - +0 cloak
rCorr    .         Rampage  .   (no gloves)
Will     +....                  E - +0 pair of boots
Stlth    ++........             J - amulet of the acrobat
HPRegen  1.13/turn              N - +6 ring of intelligence
MPRegen  0.16/turn              x - ring of see invisible

@: no status effects
A: fangs 3, regeneration 1, magic shield, antimagic bite, no potion heal 2
a: Renounce Religion, Minor Destruction, Lesser Servant of Makhleb


You were on level 8 of the Dungeon.
You worshipped Makhleb.
Makhleb was most pleased with you.
You visited 1 branch of the dungeon, and saw 8 of its levels.
You also visited: Sewer.

You collected 851 gold pieces.
You spent 144 gold pieces at shops.

Inventory:

Hand Weapons
 a - a +0 whip of electrocution
 b - a +1 short sword of venom (weapon)
 m - a +1 mace of holy wrath
 z - a +0 short sword
 F - a +0 hunting sling
 P - a +3 dagger
 Q - a +1 dagger of draining
Missiles
 d - 191 stones
 e - 13 arrows
 g - 4 javelins
 h - 75 bolts
 r - 6 boomerangs
 v - 26 poisoned darts
 y - a throwing net
Armour
 f - a +0 leather armour (worn)
 l - a +0 robe
 p - a +0 ring mail
 E - a +0 pair of boots (worn)
 L - a +0 cloak (worn)
Jewellery
 x - a ring of see invisible (right hand)
 J - an amulet of the acrobat (around neck)
 N - a +6 ring of intelligence (left hand)
Wands
 D - a wand of mindburst (12)
Scrolls
 c - a scroll of silence
 k - 4 scrolls of teleportation
 q - a scroll of amnesia
 t - 3 scrolls of magic mapping
 u - 2 scrolls of noise {unknown}
 w - a scroll of fear {unknown}
 A - 2 scrolls of enchant weapon {unknown}
 B - a scroll of blinking
 G - a scroll of enchant armour
 H - 3 scrolls of fog {unknown}
 I - a scroll of holy word
 K - a scroll of brand weapon {unknown}
 M - a scroll of vulnerability {unknown}
Potions
 i - 5 potions of curing {unknown}
 j - a potion of cancellation {unknown}
 n - 3 potions of mutation {unknown}
 o - 4 potions of brilliance {unknown}
 s - 2 potions of flight {unknown}
 C - 4 potions of might {unknown}
 R - a potion of haste {unknown}
 S - a potion of resistance {unknown}


   Skills:
 + Level 1.0 Fighting
 + Level 1.0 Armour
 + Level 2.0 Dodging
 - Level 4.0 Stealth
 + Level 6.2 Spellcasting
 - Level 8.0 Conjurations
 + Level 5.4 Hexes
 + Level 1.3 Invocations


You had 5 spell levels left.
You knew the following spells:

 Your Spells              Type           Power      Damage    Failure   Level
a - Magic Dart            Conj           100%       1d8       1%          1
b - Searing Ray           Conj           100%       3d7       1%          2
c - Dazzling Flash        Conj/Hex       88%        N/A       1%          3
d - Fulminant Prism       Conj/Hex       22%        3d13      5%          4
e - Iskenderun's Battles  Conj           51%        2d10      9%          5

Your spell library contained the following spells:

 Spells                   Type           Power      Damage    Failure   Level
 Foxfire                  Conj/Fire      100%       2x1d9     1%          1
 Shock                    Conj/Air       100%       1d9       1%          1
 Conjure Flame            Conj/Fire      29%        6-21      4%          3
 Summon Small Mammal      Summ           32%        N/A       9%          1
 Inner Flame              Hex/Fire       23%        N/A       9%          3
 Summon Guardian Golem    Hex/Summ       23%        N/A       9%          3
 Corpse Rot               Necr/Air       N/A        N/A       13%         2
 Iskenderun's Mystic Bla  Conj/Tloc      29%        2d7       17%         4
 Call Canine Familiar     Summ           8%         N/A       26%         3
 Gell's Gravitas          Tloc           4%         N/A       26%         3
 Lesser Beckoning         Tloc           4%         N/A       26%         3
 Swiftness                Air            8%         N/A       26%         3
 Teleport Other           Tloc           8%         N/A       26%         3
 Airstrike                Air            4%         N/A       65%         4
 Dispel Undead            Necr           8%         3d8       65%         4
 Iron Shot                Conj/Erth      14%        9d4       95%         6
 Death Channel            Necr           4%         N/A       100%        6
 Dispersal                Tloc           4%         N/A       100%        6
 Malign Gateway           Summ/Tloc      4%         N/A       100%        7
 Spellforged Servitor     Conj/Summ      14%        N/A       100%        7
 Disjunction              Tloc           4%         N/A       100%        8
 Summon Horrible Things   Summ           4%         N/A       100%        8


Dungeon Overview and Level Annotations

Branches:
Dungeon (8/15)             Temple (0/1) D:6           Sewer (visited)
   Lair: D:8-11

Altars:
Ashenzari
Cheibriados
Dithmenos
Elyvilon
Fedhas
Kikubaaqudgha
Makhleb
Qazlal
Ru
Sif Muna
Trog
Vehumet
Wu Jian
Xom

Shops:
D:1 [   D:5 *

Annotations:
D:8 Harold


Innate Abilities, Weirdness & Mutations

You have razor-sharp teeth.
Your natural rate of healing is unusually fast.
When hurt, damage is shared between your health and your magic reserves.
Your bite disrupts and absorbs the magic of your enemies.
Potions cannot restore your health.


Message History

Magic restored.
You see here a +0 mace.
There is an open door here.
You see here a bullfrog skeleton.
There is an escape hatch in the floor here.
You slide downwards.
The hatch slams shut behind you.
You hear the hiss of flowing sand.
There is an entrance to an ossuary on this level.
Hurry and find it before the portal is buried!
You hear the slow hiss of a distant avalanche of sand.
As you read the scroll of magic mapping, it crumbles to dust.
You feel aware of your surroundings.
You sensed 1 shop/portal.
Something appears at your feet!
You now have 707 gold pieces (gained 515).
You pick up a book of Decay and begin reading...
You add the spells Corpse Rot, Dispel Undead and Death Channel to your library.
You hear the slow hiss of a very distant avalanche of sand.
w - a scroll labelled ASTRER JEICEUT You hear the hiss of a distant avalanche of sand.
Harold the Weathered comes into view.
He is wielding a +0 short sword and carrying a wand of acid (4).
Harold shouts!
Harold fires a harpoon shot at you. The harpoon shot hits you!
You are yanked forward by the harpoon shot.
Casting: Searing Ray (safe; 1% risk of failure)
Confirm with . or Enter, or press ? or * to list all spells.
Harold is dazzled.
Harold hits you with a +0 short sword!! Harold fires a harpoon shot at you.
The harpoon shot hits you!!
* * * LOW HITPOINT WARNING * * *
You are yanked forward by the harpoon shot.
Casting: Dazzling Flash (safe; 1% risk of failure)
Confirm with . or Enter, or press ? or * to list all spells.
Aiming: Searing Ray (safe; 1% risk of failure)
Press: ? - help, Shift-Dir - straight line, f - Harold
Aim: Harold, wielding a +0 short sword, wearing a +0 scale mail, quivering 2 throwing nets and carrying a wand of acid (4) (blind, 90% to hit)
The searing ray hits Harold.
Harold is lightly wounded. (Press . to maintain the ray.) Harold hits you with a +0 short sword!
You die...

8,,*,* *,* *,* *,*
#.## ,,,*,*
****,*##**,*
#.####...
∩,8*,****,,,,,..,,,*
#......##
,,,,,,,,,,****#.****
######.# 8,,*,******
#.* #.# ****,* #.*
#.# ****,* #.* #.#
,,,,,*
####.########## #.##
******
****#...@@........#
#... *
*,....##.########.#
#.## * *,#****#.*
#.# #.# * *,,,,**#.*
#.# #.#
********,,,,,*#.*
#.### #.#
,,,,,,,..,,,,*#.*
#...# #.#
******##.,,,,*#.#
###.# #.#
*****#...,,**#.# #.#
#.# *,,,,,...,,,,,.#
#.# #.#


You could see Harold (blind).

Vanquished Creatures
  Sigmund (D:2)
  A water moccasin (D:6)
  A sky beast (D:7)
  2 black bears
  3 necrophages
  An ogre (D:7)
  A bullfrog (D:7)
  A water moccasin zombie (D:4)
  A killer bee (D:7)
  2 hounds
  3 orc priests
  3 centaur skeletons
  A bullfrog skeleton (D:5)
  Terence (D:2)
  An iguana (D:6)
  Natasha (thrice) (D:2)
  2 orc wizards
  9 adders
  4 gnolls (D:6)
  4 river rats (D:6)
  3 ufetubi
  7 worms
  2 dart slugs
  13 orcs
  4 bats
  2 endoplasms
  5 giant cockroaches
  5 goblins
  3 hobgoblins
  22 jackals
  2 quokkas
  11 ball pythons
  9 frilled lizards
  14 kobolds
  4 rats
151 creatures vanquished.

Vanquished Creatures (others)
  7 plants
7 creatures vanquished.

Grand Total: 158 creatures vanquished

Notes
Turn   | Place    | Note
-------+----------+-------------------------------------------
     0 | D:1      | juan097 the Vine Stalker Conjurer began the quest for the
                  | Orb.
     0 | D:1      | Reached XP level 1. HP: 9/9 MP: 4/4
   212 | D:1      | Reached XP level 2. HP: 13/13 MP: 1/6
   721 | D:1      | Found a faded altar of an unknown god.
   729 | D:1      | Reached XP level 3. HP: 16/16 MP: 2/7
   784 | D:1      | Found Lilacar's Antique Armour Emporium.
   799 | D:1      | Became a worshipper of Makhleb the Destroyer
   799 | D:1      | Reached * piety under Makhleb
  1246 | D:2      | Found an ornate altar of the Wu Jian Council.
  1423 | D:2      | Noticed Natasha
  1501 | D:2      | Reached skill level 5 in Conjurations
  1516 | D:2      | Killed Natasha
  1517 | D:2      | Gained mutation: Your natural rate of healing is unusually
                  | fast. [Vine Stalker growth]
  1517 | D:2      | Reached XP level 4. HP: 15/21 MP: 0/9
  1520 | D:2      | Learned a level 2 spell: Searing Ray
  1524 | D:2      | Learned a level 3 spell: Dazzling Flash
  1636 | D:2      | Noticed Natasha
  1641 | D:2      | Killed Natasha
  1745 | D:2      | Noticed Terence
  1869 | D:2      | Noticed Natasha
  1872 | D:2      | Killed Natasha
  1873 | D:2      | Reached XP level 5. HP: 24/24 MP: 6/11
  2053 | D:2      | Noticed Sigmund
  2077 | D:2      | Killed Sigmund
  2078 | D:2      | Reached skill level 6 in Conjurations
  2078 | D:2      | Reached XP level 6. HP: 28/28 MP: 3/13
  2307 | D:2      | Killed Terence
  2826 | D:3      | Reached ** piety under Makhleb
  3496 | D:3      | Found a sacrificial altar of Ru.
  3565 | D:4      | Reached skill level 7 in Conjurations
  3616 | D:4      | Found a blossoming altar of Fedhas.
  3620 | D:4      | Found a stormy altar of Qazlal.
  3681 | D:4      | Found a shimmering blue altar of Sif Muna.
  3876 | D:4      | Reached XP level 7. HP: 31/32 MP: 8/14
  3941 | D:4      | Found a radiant altar of Vehumet.
  3941 | D:4      | Found an ornate altar of the Wu Jian Council.
  4465 | D:4      | Found a white marble altar of Elyvilon.
  4593 | D:5      | Entered Level 5 of the Dungeon
  4593 | D:5      | Found Ihugemn's Assorted Antiques.
  4596 | D:5      | Bought a scroll labelled JIUSSE VUNIMP for 24 gold pieces
  4596 | D:5      | Bought a dented diamond amulet for 120 gold pieces
  4855 | D:5      | Found a broken altar of Ashenzari.
  4949 | D:5      | Reached skill level 5 in Spellcasting
  5115 | D:5      | Reached skill level 8 in Conjurations
  5263 | D:5      | Reached skill level 1 in Hexes
  5390 | D:6      | Found a shadowy altar of Dithmenos.
  5398 | D:6      | Gained mutation: You have razor-sharp teeth. [Vine Stalker
                  | growth]
  5398 | D:6      | Reached XP level 8. HP: 36/36 MP: 9/17
  5599 | D:6      | Found a glowing drain.
  5650 | Sewer    | Entered a sewer
  5732 | Sewer    | Reached *** piety under Makhleb
  6525 | D:6      | Found an ancient bone altar of Kikubaaqudgha.
  6654 | D:6      | Found a staircase to the Ecumenical Temple.
  7149 | D:6      | Found a shimmering altar of Xom.
  7298 | D:6      | Found a bloodstained altar of Trog.
  7389 | D:6      | Found a snail-covered altar of Cheibriados.
  7433 | D:7      | Learned a level 4 spell: Fulminant Prism
  7805 | D:7      | Reached skill level 5 in Hexes
  7974 | D:7      | Reached XP level 9. HP: 40/40 MP: 13/19
  8021 | D:7      | Reached skill level 1 in Invocations
  8064 | D:7      | Identified a scroll of acquirement
  8065 | D:7      | Acquired a book of Power
  8073 | D:7      | Learned a level 5 spell: Iskenderun's Battlesphere
  8247 | D:7      | Reached skill level 1 in Fighting
  8247 | D:7      | Reached skill level 1 in Armour
  8353 | D:8      | Acquired 515 gold pieces
  8455 | D:8      | Noticed Harold
  8460 | D:8      | Slain by Harold

Illustrated notes

Levels and vault maps discovered:
D:1:      dpeg_arrival_refuge, layout_rooms,
          hellmonk_ecumenical_altar_dog_temple, serial_shops,
          nicolae_shop_behind_doors, minmay_pentomino_q4
D:2:      wander_river, layout_basic, basic_altar, hangedman_feature_mirror,
          serial_bayou_pond_e, uniq_sigmund, uniq_terence, uniq_natasha
D:3:      layout_basic, lemuel_round_altar
D:4:      layout_gridville, grunt_temple_overflow_forces_of_nature,
          pf_just_have_faith, nicolae_elyvilon_temple_path,
          gammafunk_temple_overflow_pools
D:5:      layout_gridville, amcnicky_altar_gilded, serial_shops,
          nicolae_stop_n_shop_1, grunt_ministairs_13
D:6:      layout_basic, nicolae_dithmenos_the_darkroom, general_overflow_altar,
          nicolae_overflow_hidden_temple, marbit_many_paths,
          minmay_temple_entry_tees, lightli_sewer_entry_pipes
D:7:      layout_basic, chequers_serial_rivers_micro_d
D:8:      layout_loops_ring, nicolae_ossuary_entry_monument, uniq_harold

Skill      XL: |  1  2  3  4  5  6  7  8  9 |
---------------+----------------------------+-----
Conjurations   | 5 6 7 8 |  8.0
Spellcasting   | 3 4 5 6 |  6.2
Stealth        | 3 4 |  4.0
Hexes          | 1 5 |  5.4
Invocations    | 1 |  1.3
Fighting       | 1 |  1.0
Armour         | 1 |  1.0
Dodging        | 2 |  2.0

Action                   |  1- 3 |  4- 6 |  7- 9 || total
-------------------------+-------+-------+-------++-------
Melee: Unarmed           |     1 |       |       ||     1
       Short sword       |    13 |       |    29 ||    42
       Bite              |     8 |       |     2 ||    10
       Whip              |    11 |     7 |    21 ||    39
 Cast: Magic Dart        |    73 |    70 |   138 ||   281
       Searing Ray       |       |     9 |    24 ||    33
       Dazzling Flash    |       |       |     1 ||     1
  Use: Scroll            |       |       |    11 ||    11
 Stab: Sleeping          |       |     1 |     2 ||     3
Armor: Leather armour    |    12 |     1 |    36 ||    49
Dodge: Dodged            |    25 |    11 |    69 ||   105

Table legend: (Time is in decaauts)
 A = Elapsed time spent in this place.
 B = Non-inter-level travel time spent in this place.
 C = Inter-level travel time spent in this place.
 D = Time resting spent in this place.
 E = Time spent auto-exploring this place.
 F = Levels seen in this place.
 G = Mean time per level.
                   A        B        C        D        E       F      G
               +--------+--------+--------+--------+--------+-----+--------+
         Total |   8684 |   8180 |    504 |      0 |   6903 |   9 |  964.9 |
       Dungeon |   7817 |   7313 |    504 |      0 |   6155 |   8 |  977.1 |
         Sewer |    867 |    867 |      0 |      0 |    748 |   1 |  867.0 |
               +--------+--------+--------+--------+--------+-----+--------+

Top non-repeatable levels by time:
     D:2: 1532 daAuts
     D:6: 1386 daAuts
     D:3: 1088 daAuts
     D:4: 1033 daAuts
     D:1: 991 daAuts
     D:7: 888 daAuts
   Sewer: 867 daAuts
     D:5: 784 daAuts
     D:8: 111 daAuts
